 Dungeon Crawl Stone Soup version 0.26.1-2-gb8aa6d0cf2 (webtiles) character file.

Game seed: 9253616316643499483

2507 Phaedo the Spear-Bearer (level 9, 0/55 (56) HPs)
             Began as an Octopode Delver on Mar 30, 2021.
             Was a Priest of Vehumet.
             Slain by a death yak (8 damage)
             ... on level 8 of the Dungeon.
             The game lasted 00:23:44 (11616 turns).

Phaedo the Spear-Bearer (Octopode Delver)          Turns: 11616, Time: 00:23:44

HP:   0/55 (56)     AC:  1    Str: 24    XL:     9   Next: 53%
MP:   15/15         EV: 16    Int: 15    God:    Vehumet [***...]
Gold: 591           SH:  0    Dex: 13    Spells: 13/16 levels left

rFire    . . .     SeeInvis .   a - +1 trident (protect)
rCold    . . .     Faith    .   (no shield)
rNeg     . . .     Spirit   .   (helmet restricted)
rPois    .         Reflect  .   (no amulet)
rElec    .         Harm     .   n - ring of stealth
rCorr    +         Rampage  .   q - +6 ring of strength
Will     .....                  B - ring of resist corrosion
Stlth    +++++.....             C - +6 ring of strength
HPRegen  0.18/turn              (no ring)
MPRegen  0.14/turn              (no ring)
                                (no ring)
                                (no ring)

@: about to teleport, lightly drained
A: almost no armour, stealthy swim, amphibious, 8 rings, constrict 8, camouflage
1, gelatinous body 1
a: Renounce Religion


You were on level 8 of the Dungeon.
You worshipped Vehumet.
Vehumet was most pleased with you.
You visited 1 branch of the dungeon, and saw 8 of its levels.
You also visited: Bailey.

You collected 591 gold pieces.

Inventory:

Hand Weapons
 a - a +1 trident of protection (weapon)
 b - a +0 hunting sling
 s - a +0 spear
 u - a +3 hand axe
Missiles
 i - 169 stones
 k - 54 sling bullets
 z - 52 bolts
 H - 23 poisoned darts (quivered)
Jewellery
 d - an uncursed ring of positive energy {unknown}
 n - a ring of stealth (left tentacle)
 q - a +6 ring of strength (right tentacle)
 B - a ring of resist corrosion (on tentacle)
 C - a +6 ring of strength (on tentacle)
 D - an uncursed amulet of faith
Wands
 f - a wand of digging (3)
 I - a wand of iceblast (6)
Scrolls
 c - a scroll of magic mapping
 g - 5 scrolls of teleportation
 j - 7 scrolls of remove curse
 p - 4 scrolls of enchant armour {unknown}
 t - a scroll of immolation {unknown}
 v - 2 scrolls of fog
 w - 5 scrolls of identify
 x - 2 scrolls of random uselessness {unknown}
 y - 2 scrolls of enchant weapon {unknown}
 F - a scroll of blinking {unknown}
 J - a scroll of amnesia {unknown}
Potions
 e - 3 potions of haste
 h - a potion of mutation
 l - 2 potions of magic
 m - 3 potions of brilliance
 o - a potion of flight
 r - 2 potions of curing
 A - a potion of cancellation {unknown}
 E - 3 potions of degeneration
 G - a potion of attraction {unknown}


   Skills:
 - Level 3.0 Fighting
 * Level 8.6 Polearms
 + Level 6.1 Dodging
 - Level 7.0 Stealth
 + Level 4.2 Spellcasting
 + Level 4.2 Conjurations
 + Level 2.5 Fire Magic


You had 13 spell levels left.
You knew the following spells:

 Your Spells              Type           Power        Failure   Level
a - Foxfire               Conj/Fire      52%          1%          1
s - Searing Ray           Conj           30%          1%          2

Your spell library contained the following spells:

 Spells                   Type           Power        Failure   Level
 Inner Flame              Hex/Fire       7%           9%          3
 Magic Dart               Conj           60%          1%          1
 Dazzling Flash           Conj/Hex       18%          6%          3
 Fulminant Prism          Conj/Hex       4%           19%         4
 Iskenderun's Mystic Bla  Conj/Tloc      9%           19%         4


Dungeon Overview and Level Annotations

Branches:
Dungeon (8/15)             Temple (0/1) D:4          Bailey (visited)
   Lair: D:8-11

Altars:
Ashenzari
Dithmenos
Elyvilon
Fedhas
Qazlal
Trog
Uskayaw
Vehumet
Xom
The Shining One

Shops:
D:4 =


Innate Abilities, Weirdness & Mutations

You cannot wear most types of armour.
You are very stealthy in the water. (Stealth+)
You are amphibious.
You can wear up to eight rings at the same time.
You can use your tentacles to constrict eight enemies at once.
Your skin changes colour to match your surroundings (Stealth+).
Your rubbery body absorbs attacks. (AC +1, EV +1)


Message History

Press: ? - help, Shift-Dir - straight line The mass of ice explodes!
The iceblast engulfs the death yak.
The death yak is lightly wounded.
The death yak misses you.
Aiming: Iceblast
Press: ? - help, Shift-Dir - straight line The mass of ice explodes!
The iceblast engulfs the death yak!
The death yak is moderately wounded.
The death yak gores you!!
Aiming: Iceblast
Press: ? - help, Shift-Dir - straight line The mass of ice explodes!
The iceblast engulfs the death yak.
The death yak is moderately wounded.
The death yak gores you!!
* * * LOW HITPOINT WARNING * * *
Unknown command.
Okay, then.
As you read the scroll of teleportation, it crumbles to dust.
You feel strangely unstable. The death yak gores you!
You die...

#.# ############# #.#
#.<.......(.# #.#
#.#########.# #.# #.#
#.# #.# #.#
#######.###.#
##.###...........#
#######...##.#####.#####
.......@Y....# #.#
#######...#### #.# ##.##
#.# #.# #.# #.. ..# ####
###


You could see a death yak.

Vanquished Creatures
  A shadow (D:7)
  Duvessa (D:6)
  3 orc warriors (D:7)
  A sky beast (D:6)
  A phantom (D:5)
  2 ogres
  3 centaurs
  A bullfrog (D:7)
  Dowan (D:6)
  A scorpion (D:4)
  3 howler monkeys
  2 hounds
  7 orc priests
  2 centaur skeletons
  A jelly (D:5)
  4 orc wizards
  A bullfrog skeleton (D:6)
  2 iguanas
  3 worker ants
  2 hell rats (D:8)
  2 killer bee zombies (D:6)
  2 hound zombies (D:6)
  A worker ant zombie (D:6)
  A gnoll (D:1)
  14 adders
  A shadow imp (D:8)
  A white imp (D:6)
  2 ufetubi
  An ooze (D:5)
  2 adder zombies (D:6)
  2 worms
  3 adder skeletons
  3 dart slugs
  3 leopard geckos
  47 orcs
  4 giant cockroaches
  15 goblins
  6 hobgoblins
  6 jackals
  3 kobolds
  3 quokkas
  A ball python (D:3)
  5 bats
  6 frilled lizards
  A leopard gecko skeleton (D:4)
  A leopard gecko zombie (D:7)
  A quokka skeleton (D:6)
  4 rats
183 creatures vanquished.

Vanquished Creatures (collateral kills)
  A foxfire (Bailey)
1 creature vanquished.

Vanquished Creatures (others)
  3 orcs (D:3)
  75 foxfires
  2 withered plants (D:6)
80 creatures vanquished.

Grand Total: 264 creatures vanquished

Notes
Turn   | Place    | Note
-------+----------+-------------------------------------------
     0 | D:5      | Phaedo the Octopode Delver began the quest for the Orb.
     0 | D:5      | Reached XP level 1. HP: 16/16 MP: 1/1
    34 | D:4      | Noticed a howler monkey
   331 | D:1      | Reached XP level 2. HP: 21/21 MP: 2/2
   680 | D:1      | Reached XP level 3. HP: 26/26 MP: 3/3
   928 | D:2      | Reached skill level 3 in Polearms
  1036 | D:2      | Found a stormy altar of Qazlal.
  1087 | D:2      | Reached XP level 4. HP: 31/31 MP: 4/4
  1578 | D:2      | Found a blossoming altar of Fedhas.
  2070 | D:3      | Found a hide-covered altar of Uskayaw.
  2211 | D:3      | Reached skill level 4 in Polearms
  2211 | D:3      | Reached XP level 5. HP: 36/36 MP: 5/5
  2219 | D:3      | Found a glowing golden altar of the Shining One.
  2264 | D:3      | Found a hazy altar of Hepliaklqana.
  2266 | D:3      | Found a shimmering altar of Xom.
  2266 | D:3      | Found a burning altar of Makhleb.
  2268 | D:3      | Found a shimmering altar of Xom.
  2268 | D:3      | Found a burning altar of Makhleb.
  2268 | D:3      | Found a glowing golden altar of the Shining One.
  2315 | D:3      | Found a white marble altar of Elyvilon.
  2364 | D:3      | Found a radiant altar of Vehumet.
  2775 | D:3      | Became a worshipper of Vehumet
  3060 | D:4      | Found Behurug's Jewellery Shoppe.
  3087 | D:4      | Reached XP level 6. HP: 42/42 MP: 6/6
  3115 | D:4      | Reached skill level 5 in Polearms
  3162 | D:4      | Found a bloodstained altar of Trog.
  3337 | D:4      | Reached skill level 1 in Spellcasting
  3531 | D:4      | Reached * piety under Vehumet
  3531 | D:4      | Offered knowledge of Shock by Vehumet.
  3721 | D:4      | Found a staircase to the Ecumenical Temple.
  3724 | D:4      | Found a faded altar of an unknown god.
  3769 | D:4      | Learned a level 2 spell: Searing Ray
  3978 | D:5      | Reached XP level 7. HP: 25/46 MP: 9/9
  4336 | D:5      | Reached skill level 1 in Conjurations
  4348 | D:5      | Reached skill level 6 in Polearms
  5010 | D:5      | Reached XP level 8. HP: 42/52 MP: 11/11
  6080 | D:6      | Reached skill level 5 in Dodging
  6166 | D:6      | Reached skill level 7 in Polearms
  6477 | D:6      | Reached ** piety under Vehumet
  6521 | D:6      | Found a shadowy altar of Dithmenos.
  6553 | D:6      | Offered knowledge of Foxfire by Vehumet.
  6556 | D:6      | Learned a level 1 spell: Foxfire
  6888 | D:6      | Noticed Dowan
  6889 | D:6      | Noticed Duvessa
  6910 | D:6      | HP: 1/52 [Duvessa/+6 short sword of distortion (4)]
  6913 | D:6      | Killed Duvessa
  6915 | D:6      | Killed Dowan
  7067 | D:6      | Found a broken altar of Ashenzari.
  7192 | D:6      | Reached skill level 1 in Fire Magic
  7281 | D:7      | Found a flagged portal.
  7307 | Bailey   | Entered a bailey
  7590 | Bailey   | Reached XP level 9. HP: 56/56 MP: 9/14
  7609 | Bailey   | HP: 2/56 [orc warrior/+0 glaive (10)]
  8352 | D:7      | Reached skill level 8 in Polearms
  8595 | D:7      | Offered knowledge of Inner Flame by Vehumet.
  9358 | D:8      | Reached *** piety under Vehumet
  9863 | D:8      | Noticed a death yak
  9870 | D:8      | Noticed a death yak
  9875 | D:8      | Noticed a death yak
 11616 | D:8      | Slain by a death yak

Illustrated notes

Levels and vault maps discovered:
D:1:      dpeg_arrival_fog, layout_loops_ring, minivault_11, serial_bayou_pond_b
D:2:      layout_basic, lemuel_crystal_altar, lemuel_coloured_pillars_altar
D:3:      layout_basic, nicolae_tso_carved_into_rock, elyvilon_altar_4,
          doesnt_xom_only_xom, marbit_many_paths, vehumet_crystals,
          kennysheep_generic_room_2
D:4:      layout_cave_pools, kennysheep_mini, nicolae_temple_entry_ecumenical,
          serial_shops, shop
D:5:      layout_cave_pools
D:6:      layout_basic, lemuel_crystal_altar, lemuel_doored_altar,
          serial_undead, serial_undead_d, serial_undead_d, serial_undead_e,
          serial_undead_f, uniq_duvessa
D:7:      layout_basic, enter_bailey_5
D:8:      layout_loops_ring, nicolae_gozag_cash_rules_everything_around_me,
          dpeg_lair_monsters, special_room [special_room_orc]

Skill      XL: |  1  2  3  4  5  6  7  8  9 |
---------------+----------------------------+-----
Stealth        | 7 |  7.0
Polearms       | 3 4 5 6 7 8 |  8.6
Dodging        | 3 4 5 6 |  6.1
Spellcasting   | 1 2 3 4 |  4.2
Conjurations   | 2 3 4 |  4.2
Fire Magic     | 1 2 |  2.5
Fighting       | |  3.0

Action                   |  1- 3 |  4- 6 |  7- 9 || total
-------------------------+-------+-------+-------++-------
Melee: Spear             |    53 |    23 |       ||    76
       Constrict         |     7 |    21 |    34 ||    62
       Tentacles         |     7 |    15 |    45 ||    67
       Trident           |       |   104 |   225 ||   329
 Fire: Hunting sling     |       |     4 |    85 ||    89
Throw: Stone             |       |    10 |     1 ||    11
       Dart              |       |       |     5 ||     5
 Cast: Searing Ray       |       |       |    11 ||    11
       Foxfire           |       |       |    45 ||    45
Evoke: Wand              |       |       |     3 ||     3
  Use: Scroll            |     4 |     1 |     8 ||    13
       Potion            |       |       |     6 ||     6
 Stab: Sleeping          |    13 |    27 |    10 ||    50
       Distracted        |       |       |     2 ||     2
       Invisible         |       |       |     4 ||     4
Armor: Skin              |     1 |    21 |    19 ||    41
Dodge: Dodged            |    12 |    50 |   162 ||   224
